[Event "Titled Tuesday Blitz January 03 Late 2023"]
[White "Kalajzic, Ivan"]
[Black "Blanco Acevedo, Cristobal Jose"]
[WhiteFideId "14506378"]
[BlackFideId "3900525"]
[WhiteElo "2062"]
[BlackElo "2310"]
[Result "1-0"]
[Round "09"]
[TimeControl "180+2"]
[Date "2023.01.03"]
[WhiteClock "0:00:21"]
[BlackClock "0:00:18"]

1. d4 d5 2. Nc3 Bf5 3. f3 c5 4. e4 cxd4 5. Qxd4 dxe4 6. Qxd8+ Kxd8 7. Bf4 Nd7 8. O-O-O a6 9. fxe4 Be6 10. Nf3 f6 11. Nd5 Bxd5 12. Rxd5 e5 13. Be3 Ne7 14. Rd2 Ke8 15. Bc4 Nc6 16. Rhd1 Nc5 17. Bd5 Rc8 18. Bxc6+ Rxc6 19. Rd8+ Kf7 20. Bxc5 Rxc5 21. R1d7+ Ke6 22. Rxb7 g6 23. Kb1 Bg7 24. Rdd7 Bh6 25. Re7+ Kd6 26. c3 Be3 27. Kc2 h5 28. b4 Rcc8 29. Kb3 g5 30. c4 Kc6 31. c5 g4 32. Rb6# 1-0


[Site "https://www.chess.com"]

[Event "Titled Tuesday Blitz January 03 Late 2023"]
[White "Senthil, Maran K"]
[Black "Horcajuelo Rocamora, Martin"]
[WhiteFideId "25035681"]
[BlackFideId "24573027"]
[WhiteElo "2209"]
[BlackElo "2107"]
[Result "1-0"]
[Round "09"]
[TimeControl "180+2"]
[Date "2023.01.03"]
[WhiteClock "0:00:58"]
[BlackClock "0:00:02"]

1. d4 c5 2. e3 cxd4 3. exd4 b6 4. Nf3 Bb7 5. Bd3 g6 6. O-O Bg7 7. c3 Nf6 8. Qe2 O-O 9. Nbd2 d6 10. a4 Nbd7 11. a5 Re8 12. a6 Bc6 13. Ne4 Rc8 14. Bg5 h6 15. Bxf6 Nxf6 16. Nxf6+ Bxf6 17. Be4 Bxe4 18. Qxe4 e5 19. dxe5 dxe5 20. Rfd1 Qc7 21. Rd5 Red8 22. Rad1 Kg7 23. h4 h5 24. g3 Rxd5 25. Rxd5 Re8 26. Nd2 Qc6 27. Qd3 Re7 28. Ne4 Qa4 29. Rd6 Re6 30. Rxe6 fxe6 31. c4 Be7 32. Ng5 Bxg5 33. hxg5 Qe8 34. Qd6 Kf7 35. Qxe5 Qe7 36. f4 Qd8 37. Kh2 Qd2+ 38. Kh3 Qd8 39. b4 Qd1 40. Qf6+ Ke8 41. Qxe6+ Kf8 42. Qf6+ Ke8 43. Qxg6+ Kf8 44. Qf6+ Ke8 45. Qe5+ Kf8 46. Qb8+ Kf7 47. Qxa7+ Kf8 48. Qa8+ Kf7 49. Qb7+ Kf8 50. a7 Qg4+ 51. Kh2 Qe2+ 52. Qg2 1-0


[Site "https://www.chess.com"]

[Event "Titled Tuesday Blitz January 03 Late 2023"]
[White "Paspuel, Trosky"]
[Black "Karas, Marek"]
[WhiteFideId "3602150"]
[BlackFideId "14928558"]
[WhiteElo "1721"]
[BlackElo "2227"]
[Result "1-0"]
[Round "09"]
[TimeControl "180+2"]
[Date "2023.01.03"]
[WhiteClock "0:00:03"]
[BlackClock "0:00:02"]

1. c4 e5 2. g3 Nf6 3. Bg2 c6 4. Nf3 e4 5. Nd4 Qb6 6. Nc2 d5 7. d3 exd3 8. Qxd3 Bc5 9. O-O dxc4 10. Qxc4 Be6 11. Qh4 O-O 12. Nc3 Be7 13. Nd4 Bg4 14. Be3 Qa6 15. Ne4 Bc8 16. Bg5 Nbd7 17. Nf5 Bd8 18. Bh6 Nxe4 19. Qg4 g6 20. Qxe4 gxf5 21. Qxf5 Qc4 22. Be4 Qxe4 23. Qxe4 Nf6 24. Qf4 Nh5 25. Qe5 Bg4 26. Bxf8 Kxf8 27. h3 Bf6 28. Qc5+ Be7 29. Qe5 Bf6 30. Qa5 Bxe2 31. Rfe1 Bb5 32. Qd2 Kg8 33. a4 Ba6 34. b4 Bg7 35. Qg5 Nf6 36. Re7 Bd3 37. Rd1 Bg6 38. Rde1 h6 39. Qc5 a5 40. bxa5 Bf8 41. Qb6 Bxe7 42. Rxe7 Nd5 43. Qxb7 Rxa5 44. Re8+ Kg7 45. Qxc6 Nf6 46. Kg2 Nxe8 47. Qxe8 Ra6 48. Qe5+ Kh7 49. Qb5 Re6 50. g4 Be4+ 51. Kg3 Bg6 52. a5 Rd6 53. a6 Bd3 54. Qc5 Rxa6 55. Qd4 Bg6 56. Qe3 Re6 57. Qc3 h5 58. f4 hxg4 59. hxg4 f6 60. f5 Bxf5 61. gxf5 Re7 62. Qc5 Rf7 63. Qd6 Kg7 64. Kf4 Ra7 65. Qb6 Re7 66. Kg4 Re5 67. Qd6 Re8 68. Qd7+ Kf8 69. Kh5 Re7 70. Qd8+ Kf7 71. Qd5+ Kg7 72. Qg2+ Kf8 73. Qf3 Rg7 74. Qa8+ Kf7 75. Qb7+ Kg8 76. Qc6 Rg5+ 77. Kh6 Rxf5 78. Qe8# 1-0


[Site "https://www.chess.com"]

[Event "Titled Tuesday Blitz January 03 Late 2023"]
[White "Jarocka, Liwia"]
[Black "Karthik, Advaith"]
[WhiteFideId "21807558"]
[BlackFideId "30946050"]
[WhiteElo "2225"]
[BlackElo "2075"]
[Result "1/2-1/2"]
[Round "09"]
[TimeControl "180+2"]
[Date "2023.01.03"]
[WhiteClock "0:00:57"]
[BlackClock "0:01:15"]

1. d4 Nf6 2. Nf3 e6 3. c4 b6 4. g3 Bb7 5. Bg2 Be7 6. O-O O-O 7. b3 d6 8. Bb2 Ne4 9. Nbd2 Nxd2 10. Qxd2 Nd7 11. Rac1 Nf6 12. Rfd1 Ne4 13. Qc2 f5 14. Nd2 d5 15. Nxe4 dxe4 16. e3 Bf6 17. c5 Bd5 18. Ba3 Rf7 19. Bf1 c6 20. Bc4 b5 21. Bxd5 Qxd5 22. b4 a5 23. Ra1 Rfa7 24. Rd2 g5 25. bxa5 Rxa5 26. Bb4 Ra4 27. Qb2 h5 28. a3 Qc4 29. Rc1 Qd5 30. Rb1 Kf7 31. Qb3 Kg6 32. Qxd5 exd5 33. Kg2 Bd8 34. f4 Ba5 35. Rdb2 Bxb4 36. axb4 Ra3 37. Rb3 R8a4 38. R1b2 Ra1 39. h4 gxh4 40. gxh4 Kf6 41. Rb1 R1a2+ 42. R1b2 Ra8 43. Rxa2 Rxa2+ 44. Kg3 Ke6 45. Kh3 Kd7 46. Kg3 Kc7 47. Kh3 Kb7 48. Kg3 Ra1 49. Kh3 Rf1 50. Kg3 Rf3+ 51. Kg2 Kc7 52. Ra3 Kb7 53. Rb3 Kb8 54. Ra3 Kb7 55. Rb3 1/2-1/2


[Site "https://www.chess.com"]

[Event "Titled Tuesday Blitz January 03 Late 2023"]
[White "Garcia Almaguer, Juan Manuel"]
[Black "Hoffmann, Asa"]
[WhiteFideId "5110491"]
[BlackFideId "2001470"]
[WhiteElo "2090"]
[BlackElo "2185"]
[Result "0-1"]
[Round "09"]
[TimeControl "180+2"]
[Date "2023.01.03"]
[WhiteClock "0:00:25"]
[BlackClock "0:00:29"]

1. e4 d6 2. Nf3 Bg4 3. d4 Nf6 4. Bd3 c6 5. Nbd2 e6 6. h3 Bh5 7. O-O Be7 8. a4 d5 9. e5 Nfd7 10. Re1 c5 11. c3 Nc6 12. g4 Bg6 13. Bxg6 hxg6 14. Kg2 cxd4 15. cxd4 Qb6 16. Nb1 O-O-O 17. Re3 Na5 18. Bd2 Nc4 19. Rc3 Kb8 20. a5 Nxa5 21. Rxa5 Rc8 22. Rb3 Qc7 23. Nc3 Qxa5 24. Rb5 Qa6 25. Qb3 Nb6 26. Bg5 Rc7 27. Bxe7 Rxe7 28. Nd2 Rc8 29. Ne2 Rec7 30. Nf4 Nc4 31. Nf3 b6 32. Rb4 Na5 33. Qa3 Rc4 34. Nd3 Rxb4 35. Nxb4 Qc4 36. Nd3 Qb3 37. Qd6+ Rc7 38. Nf4 Qxb2 39. Ng5 Kb7 40. Nxf7 Rxf7 41. Kg3 Rxf4 42. Kxf4 Qxd4+ 43. Kg5 Nc6 44. f4 Qc5 45. Qxe6 Qe7+ 46. Qxe7+ Nxe7 47. f5 gxf5 48. gxf5 Ng8 49. h4 d4 50. Kf4 d3 51. Ke3 Ne7 52. f6 gxf6 53. exf6 Nd5+ 54. Kxd3 Nxf6 55. Kd4 Kc6 56. Ke5 Ng4+ 57. Kf5 Ne3+ 58. Ke4 Nd5 0-1


[Site "https://www.chess.com"]

[Event "Titled Tuesday Blitz January 03 Late 2023"]
[White "Gomes, Luiz Alexandre de Souza"]
[Black "Yashmetov, Mikhail"]
[WhiteFideId "2102790"]
[BlackFideId "24198900"]
[WhiteElo "2254"]
[BlackElo "2323"]
[Result "1-0"]
[Round "09"]
[TimeControl "180+2"]
[Date "2023.01.03"]
[WhiteClock "0:00:25"]
[BlackClock "0:00:02"]

1. e4 c5 2. Nf3 Nc6 3. Bb5 g6 4. O-O Bg7 5. c3 Nf6 6. d3 O-O 7. Nbd2 Qb6 8. Ba4 Qc7 9. Re1 e5 10. Bc2 d5 11. Nf1 dxe4 12. dxe4 b6 13. Bg5 Rd8 14. Qc1 Be6 15. Ne3 h6 16. Bxf6 Bxf6 17. Nd5 Bxd5 18. exd5 Ne7 19. Qxh6 Bg7 20. Qh4 Nxd5 21. Ng5 Nf4 22. g3 Nh5 23. Be4 Rac8 24. Rad1 Nf6 25. Bf3 Rxd1 26. Rxd1 Rd8 27. Re1 Rd2 28. Re2 Qd7 29. Qc4 Rd1+ 30. Kg2 Rb1 31. Rxe5 Rxb2 32. Re2 Rxe2 33. Qxe2 Qf5 34. h4 Bh6 35. Qe7 Bxg5 36. hxg5 Qxg5 37. Qxa7 b5 38. Qb8+ Kg7 39. Qxb5 Qe5 40. Qc4 g5 41. a4 Qf5 42. g4 Qe5 43. a5 Qc7 44. a6 Qa7 45. Bb7 Qb6 46. Qe2 Nd7 47. Qe7 Nb8 48. Qxg5+ Kf8 49. Qd5 Nxa6 50. Bxa6 Qxa6 51. Qxc5+ Kg7 52. Qd4+ Kf8 53. c4 Qh6 54. c5 Qg6 55. Qd6+ Qxd6 56. cxd6 Ke8 57. Kf3 Kd7 58. Kf4 Kxd6 59. Kf5 Ke7 60. f3 Ke8 61. Kf6 Kf8 62. f4 Kg8 63. f5 Kf8 64. g5 Kg8 65. Ke7 Kg7 66. f6+ Kg6 67. Kf8 Kh7 68. Kxf7 Kh8 69. Ke8 Kh7 70. f7 Kg6 71. f8=Q 1-0


[Site "https://www.chess.com"]

[Event "Titled Tuesday Blitz January 03 Late 2023"]
[White "Vega Gutierrez, Sabrina"]
[Black "Zampronha, Wladimir Camilo"]
[WhiteFideId "2219026"]
[BlackFideId "2103087"]
[WhiteElo "2377"]
[BlackElo "2176"]
[Result "0-1"]
[Round "09"]
[TimeControl "180+2"]
[Date "2023.01.03"]
[WhiteClock "0:00:02"]
[BlackClock "0:00:20"]

1. e4 c5 2. Nf3 e6 3. d4 cxd4 4. Nxd4 Nc6 5. Nc3 Qc7 6. f4 a6 7. Be3 b5 8. Bd3 Bb7 9. Qf3 Nxd4 10. Bxd4 Nf6 11. g4 Bc5 12. Bxc5 Qxc5 13. g5 Ng8 14. O-O-O Ne7 15. Kb1 Rc8 16. h4 b4 17. Na4 Qc6 18. b3 d5 19. Rhe1 Qc7 20. Qf2 dxe4 21. Bxe4 Bxe4 22. Rxe4 O-O 23. Rc4 Qb8 24. Rxc8 Qxc8 25. Nb6 Qc3 26. Rd3 Qc6 27. Nd7 Rc8 28. Ne5 Qh1+ 29. Kb2 Nd5 30. Qa7 Nc3 31. Qxf7+ Kh8 32. Rxc3 bxc3+ 33. Ka3 Qd5 34. b4 a5 35. Qe7 axb4+ 36. Kxb4 Rb8+ 37. Kxc3 Rc8+ 38. Kb4 Qd4+ 39. Kb5 Qb2+ 40. Ka4 Ra8+ 0-1


[Site "https://www.chess.com"]

[Event "Titled Tuesday Blitz January 03 Late 2023"]
[White "Wang, Alexander J"]
[Black "Novikov, Evgenij"]
[WhiteFideId "30955270"]
[BlackFideId "4125380"]
[WhiteElo "1815"]
[BlackElo "2276"]
[Result "0-1"]
[Round "09"]
[TimeControl "180+2"]
[Date "2023.01.03"]
[WhiteClock "0:01:21"]
[BlackClock "0:02:01"]

1. e4 c5 2. Nf3 Nc6 3. d4 cxd4 4. Nxd4 e5 5. Nb3 Nf6 6. Nc3 Bb4 7. Bd3 d5 8. exd5 Nxd5 9. Bd2 Nxc3 10. bxc3 Bd6 11. O-O O-O 12. Be3 Qe7 13. Bc4 Bf5 14. Qe2 Rac8 15. Bd3 e4 16. Bc4 Ne5 17. Bd5 Ng4 18. h3 Nxe3 19. fxe3 Qe5 20. c4 Qh2+ 0-1


[Site "https://www.chess.com"]

[Event "Titled Tuesday Blitz January 03 Late 2023"]
[White "Estrada Nieto, Julian"]
[Black "Weetik, Vjacheslav"]
[WhiteFideId "5101018"]
[BlackFideId "4153472"]
[WhiteElo "2215"]
[BlackElo "2423"]
[Result "1-0"]
[Round "09"]
[TimeControl "180+2"]
[Date "2023.01.03"]
[WhiteClock "0:00:08"]
[BlackClock "0:00:18"]

1. e4 c6 2. d4 d5 3. exd5 cxd5 4. Bd3 Nc6 5. c3 Qc7 6. Ne2 Bg4 7. O-O e6 8. Qe1 Nf6 9. f3 Bh5 10. Qh4 h6 11. g4 g5 12. Qh3 Bg6 13. Bxg6 fxg6 14. Bxg5 Nd7 15. Nf4 hxg5 16. Nxe6 Rxh3 17. Nxc7+ Kf7 18. Nxa8 Bd6 19. Rf2 Rh8 20. Na3 Rxa8 21. Nc2 Nf8 22. Ne3 Ne7 23. Re1 Ne6 24. Ng2 Rh8 25. Rfe2 Nd8 26. Ne3 Ndc6 27. Nf1 Bf4 28. Ng3 Ng8 29. Kg2 Nf6 30. Re6 Rc8 31. R6e2 b5 32. Ra1 a5 33. Rc2 Nxd4 34. Rf2 Ne6 35. Ne2 Bb8 36. Rd1 b4 37. Rd3 Nf4+ 38. Nxf4 Bxf4 39. Rc2 Rc4 40. Rd4 Ke6 41. h3 Kd6 42. Rxc4 dxc4 43. Re2 Nd5 44. cxb4 axb4 45. Re8 c3 46. bxc3 bxc3 47. Rc8 Ke5 48. Kf2 Kd4 49. Ke2 Bd2 50. Rd8 Kc4 51. Rc8+ Kb5 52. Kd3 Nf4+ 53. Kc2 Nxh3 54. Rg8 Nf4 55. Rb8+ Kc5 56. a4 Nd5 57. Kb3 Ne3 58. Rc8+ Kd4 59. a5 c2 60. a6 Nd5 61. Rxc2 Be3 62. a7 Nb6 63. Rc6 Kd3 64. Rxb6 Bxb6 65. a8=Q Ke2 66. Qe8+ Be3 67. Qxg6 Kxf3 68. Qf5+ Bf4 69. Kc4 Kg3 70. Kd5 Kf3 71. Ke6 Kg3 72. Kd5 Kf3 73. Ke6 Ke3 74. Kf7 Kf3 75. Kg6 Ke3 76. Kh5 Kf3 77. Qb5 Ke3 78. Qf1 Ke4 79. Qg2+ Ke3 80. Kg6 Kd3 81. Kf5 Ke3 82. Qe4+ Kf2 83. Qxf4+ gxf4 84. Kxf4 1-0


[Site "https://www.chess.com"]

[Event "Titled Tuesday Blitz January 03 Late 2023"]
[White "Dudzinski, Pawel"]
[Black "Fiorito, Francisco"]
[WhiteFideId "1117890"]
[BlackFideId "180165"]
[WhiteElo "2186"]
[BlackElo "2305"]
[Result "1-0"]
[Round "09"]
[TimeControl "180+2"]
[Date "2023.01.03"]
[WhiteClock "0:00:26"]
[BlackClock "0:01:03"]

1. e4 c5 2. Nc3 Nc6 3. g3 g6 4. Bg2 Bg7 5. d3 d6 6. Be3 e6 7. Qd2 Nd4 8. Nd1 h5 9. c3 Nc6 10. h3 Rb8 11. Ne2 b5 12. d4 cxd4 13. Nxd4 Ne5 14. b3 Bb7 15. f4 Nd7 16. Nxb5 Bf8 17. Nxd6+ Bxd6 18. Qxd6 Ngf6 19. Nf2 Rc8 20. c4 Qa5+ 21. Qd2 Qc7 22. O-O Bc6 23. e5 Bxg2 24. Kxg2 Qb7+ 25. Kh2 Ng8 26. Qd4 Ne7 27. Ne4 Nf5 28. Nd6+ Nxd6 29. exd6 O-O 30. Qxa7 Qc6 31. Qd4 Rce8 32. Rad1 e5 33. Qd5 Qa6 34. f5 Nf6 35. Qg2 Rd8 36. c5 Nh7 37. Bh6 Rfe8 38. fxg6 fxg6 39. Qd5+ Kh8 40. Qf7 Rg8 41. Qc4 Qxa2+ 42. Rd2 Qa3 43. Rf7 Rde8 44. d7 Rd8 45. Qe6 Qxc5 46. h4 Ra8 47. Bg7+ Rxg7 48. d8=Q+ Rxd8 49. Rxd8+ Nf8 50. Rfxf8+ Kh7 51. Rh8# 1-0


[Site "https://www.chess.com"]

[Event "Titled Tuesday Blitz January 03 Late 2023"]
[White "Forgacs, Attila Jr."]
[Black "Pinheiro, Iung Alicio de O."]
[WhiteFideId "773654"]
[BlackFideId "2104350"]
[WhiteElo "2264"]
[BlackElo "2306"]
[Result "0-1"]
[Round "09"]
[TimeControl "180+2"]
[Date "2023.01.03"]
[WhiteClock "0:00:36"]
[BlackClock "0:00:19"]

1. e4 c5 2. d3 Nc6 3. g3 g6 4. Bg2 Bg7 5. f4 d6 6. Nf3 Nf6 7. O-O O-O 8. Nc3 Rb8 9. a4 a6 10. h3 b5 11. axb5 axb5 12. Be3 b4 13. Ne2 Nd7 14. Rb1 Bb7 15. g4 e6 16. f5 exf5 17. gxf5 d5 18. Qd2 dxe4 19. dxe4 Re8 20. Bh6 Nde5 21. fxg6 hxg6 22. Qf4 Qf6 23. Bxg7 Qxf4 24. Nxf4 Nxf3+ 25. Bxf3 Kxg7 26. c3 Ne5 27. Bg2 Ba6 28. Rfd1 Red8 29. Nd5 Bd3 30. Ra1 bxc3 31. bxc3 Rb2 32. Ra7 Rxg2+ 33. Kxg2 Bxe4+ 34. Kg3 Rxd5 35. Re1 Bf5 36. Re7 Nd3 37. Ra1 Rd7 38. Re8 c4 39. Raa8 Nc5 40. Rg8+ Kf6 41. Ra5 Ne4+ 42. Kf4 Nxc3 43. Ra6+ Be6 44. Rc8 Nd5+ 45. Ke4 c3 46. h4 Nb4 47. Rb6 Nd5 48. Ra6 Rb7 49. Rc5 Rb4+ 50. Kd3 Ke5 51. Raa5 Rxh4 52. Rxc3 Rh3+ 53. Kd2 Rxc3 54. Rxd5+ Bxd5 55. Kxc3 Ke4 56. Kd2 f5 57. Ke1 f4 58. Kf2 g5 59. Kg1 g4 60. Kf2 f3 61. Ke1 Ke3 62. Kf1 Bc4+ 63. Kg1 f2+ 64. Kh2 g3+ 65. Kxg3 f1=Q 66. Kh2 Qf4+ 67. Kg1 Qg3+ 68. Kh1 Bd5# 0-1


[Site "https://www.chess.com"]

[Event "Titled Tuesday Blitz January 03 Late 2023"]
[White "Dinu, Dumitru-Daniel"]
[Black "Suvorov, Alexander"]
[WhiteFideId "1208403"]
[BlackFideId "12977063"]
[WhiteElo "2203"]
[BlackElo "2338"]
[Result "1/2-1/2"]
[Round "09"]
[TimeControl "180+2"]
[Date "2023.01.03"]
[WhiteClock "0:00:06"]
[BlackClock "0:00:06"]

1. e4 d6 2. d3 g6 3. Nc3 Bg7 4. Nge2 c5 5. g3 Nc6 6. Bg2 Rb8 7. a4 a6 8. Kf1 b5 9. axb5 axb5 10. Be3 b4 11. Na4 e5 12. h3 Nge7 13. Kg1 O-O 14. Kh2 f5 15. exf5 gxf5 16. Bg5 h6 17. Bh4 Qe8 18. Bxe7 Nxe7 19. Re1 Bd7 20. b3 f4 21. Be4 Qh5 22. Ng1 fxg3+ 23. fxg3 Rf2+ 24. Kh1 Qxd1 25. Raxd1 Nf5 26. Bxf5 Rxf5 27. Nb2 Rf2 28. Rc1 Bc6+ 29. Re4 d5 30. Re2 Rxe2 31. Nxe2 e4 32. Nd1 d4 33. dxe4 Bxe4+ 34. Kg1 Re8 35. Nf2 Bc6 36. Nf4 Re3 37. Kh2 Be5 38. N2d3 Bd6 39. Re1 Bxf4 40. gxf4 Be4 41. Rxe3 dxe3 42. Kg3 Kg7 43. Nxc5 Bxc2 44. Kf3 Kf6 45. Kxe3 Bd1 46. Kd4 Kf5 47. Nd3 Bxb3 48. Nxb4 Kxf4 49. Nd3+ Kg3 50. Ke3 Kxh3 51. Kf2 Bg8 52. Nf4+ Kg4 53. Ng2 Bf7 54. Ne3+ Kh3 55. Nf5 Be6 56. Nxh6 1/2-1/2


[Site "https://www.chess.com"]

[Event "Titled Tuesday Blitz January 03 Late 2023"]
[White "Guerra Rivera, Salvador"]
[Black "Kostiukov, Alexandr"]
[WhiteFideId "32096542"]
[BlackFideId "14108100"]
[WhiteElo "2290"]
[BlackElo "2271"]
[Result "0-1"]
[Round "09"]
[TimeControl "180+2"]
[Date "2023.01.03"]
[WhiteClock "0:00:20"]
[BlackClock "0:00:09"]

1. Nf3 g6 2. g3 Bg7 3. Bg2 c5 4. O-O Nf6 5. b3 O-O 6. Bb2 d5 7. d4 cxd4 8. Nxd4 Nc6 9. e3 Bg4 10. Qe1 Qd7 11. Nd2 Rac8 12. Nxc6 bxc6 13. c4 Bh3 14. Rd1 Bxg2 15. Kxg2 Qf5 16. Qe2 Qc2 17. Rb1 Ne4 18. Bxg7 Kxg7 19. Rfd1 Nc3 20. Qe1 Nxd1 21. Rxd1 dxc4 22. Nxc4 Rfd8 23. Rc1 Qxa2 24. Qc3+ Kg8 25. h4 Qe2 26. Re1 Qd3 27. Qa1 Qxb3 28. Ne5 Qd5+ 29. Nf3 Rd6 30. h5 Rf6 31. e4 Qxh5 32. Ne5 Re6 33. f4 c5 34. g4 Qh6 35. g5 Qg7 36. Qa2 Rxe5 37. fxe5 Qxe5 38. Qa6 Qxg5+ 39. Kf3 Qf6+ 40. Kg2 Qxa6 0-1


[Site "https://www.chess.com"]

[Event "Titled Tuesday Blitz January 03 Late 2023"]
[White "Le Goff, Ronan"]
[Black "Weisz, Bryan"]
[WhiteFideId "612073"]
[BlackFideId "30934133"]
[WhiteElo "2320"]
[BlackElo "1973"]
[Result "0-1"]
[Round "09"]
[TimeControl "180+2"]
[Date "2023.01.03"]
[WhiteClock "0:01:25"]
[BlackClock "0:00:06"]

1. d4 Nf6 2. c4 d5 3. cxd5 Nxd5 4. Nf3 Bf5 5. Qb3 Nc6 6. a3 Nb6 7. e3 g6 8. Bb5 Qd6 9. Nc3 Bg7 10. a4 a6 11. Bxc6+ Qxc6 12. a5 Qc4 13. Qxc4 Nxc4 14. b3 Nd6 15. O-O Ne4 16. Na4 O-O-O 17. Ba3 Rhe8 18. Rac1 e5 19. dxe5 Bxe5 20. Nxe5 Rxe5 21. Nb6+ Kb8 22. Nc4 Rb5 23. f3 Nc5 24. e4 Be6 25. Bxc5 Rxc5 26. Kf2 Bxc4 27. Rxc4 Rxc4 28. bxc4 Rd2+ 29. Kg3 Rc2 30. h4 Rxc4 31. h5 Rc5 32. hxg6 hxg6 33. Rd1 Kc8 34. Kf4 Rxa5 35. g4 b5 36. Ke5 b4+ 37. Kf6 b3 38. Rb1 Rb5 39. Kxf7 b2 40. f4 a5 41. e5 a4 42. e6 Rb4 43. e7 Rxf4+ 44. Kg7 Kd7 45. Rxb2 Kxe7 46. Rg2 a3 47. g5 c5 48. Kxg6 Ke6 49. Re2+ Kd5 50. Kh7 Rh4+ 51. Kg7 Rg4 52. Kf6 c4 53. Kf5 Rg1 54. Rd2+ Kc5 55. g6 Kb4 56. Ke4 c3 57. Rd6 a2 58. Rb6+ Kc4 59. Rc6+ Kb3 60. Rb6+ Kc2 61. Ra6 a1=Q 62. Rxa1 Rxa1 63. g7 Rg1 64. Kd4 Rxg7 0-1


[Site "https://www.chess.com"]

[Event "Titled Tuesday Blitz January 03 Late 2023"]
[White "Almagro Mazariegos, Sebastian"]
[Black "Berezin, Viktor"]
[WhiteFideId "2221640"]
[BlackFideId "14107872"]
[WhiteElo "2280"]
[BlackElo "2307"]
[Result "0-1"]
[Round "09"]
[TimeControl "180+2"]
[Date "2023.01.03"]
[WhiteClock "0:00:19"]
[BlackClock "0:00:45"]

1. e4 g6 2. d4 Bg7 3. Nf3 d6 4. Nc3 Nf6 5. Be2 O-O 6. O-O Nc6 7. d5 Nb8 8. Bg5 e5 9. dxe6 Bxe6 10. Qd2 Nbd7 11. Bh6 Re8 12. Bxg7 Kxg7 13. Ng5 Nc5 14. Qd4 h6 15. Nf3 Kg8 16. e5 Nh5 17. exd6 cxd6 18. Rfd1 Rc8 19. Bb5 Rf8 20. Qxd6 Qf6 21. Qe5 a6 22. Qxf6 Nxf6 23. Be2 Bf5 24. Nd4 Bd7 25. Bf3 b5 26. a3 Rfd8 27. Rd2 g5 28. h3 h5 29. Rad1 g4 30. hxg4 hxg4 31. Bd5 Kg7 32. Ba2 Rh8 33. Nde2 Bf5 34. Ng3 Bg6 35. Nd5 Nce4 36. Nxe4 Nxe4 37. Re2 Rh7 38. Nf4 Rch8 0-1


[Site "https://www.chess.com"]

[Event "Titled Tuesday Blitz January 03 Late 2023"]
[White "Rego, Vinicius V. de Almeida"]
[Black "Carbone, Diego"]
[WhiteFideId "2106485"]
[BlackFideId "3002179"]
[WhiteElo "2238"]
[BlackElo "2336"]
[Result "0-1"]
[Round "09"]
[TimeControl "180+2"]
[Date "2023.01.03"]
[WhiteClock "0:01:42"]
[BlackClock "0:00:40"]

1. Nf3 c5 2. b3 Nc6 3. Bb2 d6 4. e3 Bg4 5. Be2 Nf6 6. c4 e5 7. d3 g6 8. Nbd2 Bg7 9. O-O O-O 10. h3 Bxf3 11. Bxf3 Re8 12. a3 a5 13. Qc2 Qd7 14. Nb1 h5 15. Nc3 Rad8 16. Rfe1 g5 17. Be2 g4 18. h4 g3 19. fxg3 Ng4 20. Nd5 Ne7 21. Bf3 Nxd5 22. Bxd5 Bh6 23. Bc1 Kg7 24. Bd2 f5 25. Qc3 Kg6 26. Qxa5 e4 27. dxe4 fxe4 28. Qc3 Bg7 29. Qc2 Bxa1 30. Bxe4+ Kh6 31. Rxa1 Qe6 32. Bd5 Qe5 33. Rf1 Qxg3 34. e4+ Kh7 35. Rf7+ Kh8 36. Qb2+ Re5 37. Bf4 Qe1# 0-1


[Site "https://www.chess.com"]

[Event "Titled Tuesday Blitz January 03 Late 2023"]
[White "Reprintsev, Alexander"]
[Black "Balint, Vilmos"]
[WhiteFideId "14100541"]
[BlackFideId "718050"]
[WhiteElo "2253"]
[BlackElo "2169"]
[Result "1-0"]
[Round "09"]
[TimeControl "180+2"]
[Date "2023.01.03"]
[WhiteClock "0:01:55"]
[BlackClock "0:01:51"]

1. e4 e5 2. f4 d5 3. exd5 exf4 4. Nf3 Nf6 5. Bb5+ Bd7 6. Bxd7+ Qxd7 7. O-O Qxd5 8. d4 Be7 9. Bxf4 c5 10. Nc3 Qf5 11. Nh4 Qg4 12. Qxg4 Nxg4 13. Nf5 g6 14. Nxe7 Kxe7 15. Nd5+ Kd7 16. Nc7 Na6 17. Nxa8 Rxa8 18. dxc5 f5 19. Rad1+ Kc6 20. Rfe1 Rf8 21. Re6+ Kxc5 22. Bd6+ Kb5 23. Bxf8 1-0


[Site "https://www.chess.com"]

[Event "Titled Tuesday Blitz January 03 Late 2023"]
[White "Pace, Christopher"]
[Black "Fisher_TheGalactic"]
[WhiteFideId "2610167"]
[WhiteElo "2053"]
[BlackElo "2492"]
[Result "0-1"]
[Round "09"]
[TimeControl "180+2"]
[Date "2023.01.03"]
[WhiteClock "0:00:01"]
[BlackClock "0:00:29"]

1. e4 e6 2. d4 d5 3. Nd2 dxe4 4. Nxe4 Nd7 5. Nf3 Ngf6 6. Nxf6+ Nxf6 7. Bd3 c5 8. dxc5 Bxc5 9. O-O O-O 10. Qe2 b6 11. Rd1 Qe7 12. Bg5 Bb7 13. Ne5 h6 14. Bxf6 Qxf6 15. Be4 Bxe4 16. Qxe4 Qxf2+ 17. Kh1 Rad8 18. Nd7 Rfe8 19. Rf1 Qd4 20. Nxc5 bxc5 21. Qb7 Rd7 22. Qb5 Red8 23. c3 Qd2 24. Rab1 Qg5 25. Qc6 Rd2 26. Rg1 Kh7 27. Qa6 R8d7 28. Qc4 R7d5 29. a4 Qg6 30. b4 cxb4 31. Qxb4 Rh5 32. h3 Qd3 33. Qg4 Rg5 34. Qf4 e5 35. Qxf7 Rgxg2 0-1


[Site "https://www.chess.com"]

[Event "Titled Tuesday Blitz January 03 Late 2023"]
[White "Alexikov, Alexander"]
[Black "Fishbein, Mitch"]
[WhiteFideId "14103958"]
[BlackFideId "30922917"]
[WhiteElo "2209"]
[BlackElo "2120"]
[Result "1-0"]
[Round "09"]
[TimeControl "180+2"]
[Date "2023.01.03"]
[WhiteClock "0:00:48"]
[BlackClock "0:00:16"]

1. e4 c5 2. Nf3 e6 3. Nc3 Nc6 4. d4 cxd4 5. Nxd4 Qc7 6. Nxc6 bxc6 7. Bd3 e5 8. O-O Nf6 9. f4 Bc5+ 10. Kh1 d6 11. Na4 Bb6 12. Nxb6 axb6 13. fxe5 dxe5 14. Qf3 Be6 15. b3 Nd7 16. Bb2 O-O 17. a4 f6 18. Qe2 Nc5 19. Bc4 Qf7 20. Bxe6 Qxe6 21. Ba3 Rfd8 22. Rad1 Rd4 23. Rxd4 exd4 24. Bxc5 bxc5 25. Ra1 f5 26. e5 c4 27. bxc4 Ra5 28. Qd2 Qxe5 29. Re1 Qc5 30. Qg5 Ra8 31. Re7 1-0


[Site "https://www.chess.com"]

[Event "Titled Tuesday Blitz January 03 Late 2023"]
[White "Ibadov, Dashgyn"]
[Black "Van den Dikkenberg, Erik"]
[WhiteFideId "24107514"]
[BlackFideId "1005880"]
[WhiteElo "2391"]
[BlackElo "2091"]
[Result "1-0"]
[Round "09"]
[TimeControl "180+2"]
[Date "2023.01.03"]
[WhiteClock "0:00:19"]
[BlackClock "0:00:04"]

1. e4 c5 2. Nf3 d6 3. d4 cxd4 4. Nxd4 Nf6 5. Nc3 a6 6. h3 Nc6 7. g4 Qb6 8. Nb3 g6 9. Be3 Qd8 10. g5 Nd7 11. h4 Bg7 12. h5 gxh5 13. Qxh5 Nde5 14. Be2 Ng6 15. Nd5 Be6 16. Bb6 Qc8 17. Nc7+ Kf8 18. Nxa8 Qxa8 19. O-O-O a5 20. Nd4 Nxd4 21. Bxd4 Bxd4 22. Rxd4 Qa7 23. Rhd1 Qc5 24. a3 b5 25. Qf3 Qxg5+ 26. Kb1 Kg7 27. Qc3 Ne5 28. Qxa5 Rc8 29. Qxb5 Qf4 30. Rg1+ Ng6 31. Qd3 Qe5 32. Qe3 Rb8 33. f4 Qc5 34. f5 Qb6 35. Qc3 Bd7 36. Rxd6+ 1-0


[Site "https://www.chess.com"]

[Event "Titled Tuesday Blitz January 03 Late 2023"]
[White "Kovacs, Klara"]
[Black "Keller, Peter"]
[WhiteFideId "733210"]
[BlackFideId "1272105"]
[WhiteElo "2121"]
[BlackElo "2358"]
[Result "1-0"]
[Round "09"]
[TimeControl "180+2"]
[Date "2023.01.03"]
[WhiteClock "0:01:28"]
[BlackClock "0:00:01"]

1. Nf3 f5 2. g3 Nf6 3. Bg2 g6 4. O-O Bg7 5. d4 O-O 6. c4 d6 7. Nc3 c6 8. d5 e5 9. dxe6 Bxe6 10. Qd3 Na6 11. Ng5 Bc8 12. Bf4 h6 13. Nf3 d5 14. cxd5 Nb4 15. Qc4 Nbxd5 16. Rfd1 Be6 17. Be5 Qe7 18. Nd4 Bf7 19. Nxd5 Qxe5 20. Nxf6+ Bxf6 21. Qc2 Rad8 22. e3 c5 23. Nb5 Qxb2 24. Qxb2 Bxb2 25. Rxd8 Rxd8 26. Rb1 a6 27. Nc7 Be5 28. Nd5 Rxd5 29. Bxd5 Bxd5 30. f4 Bf6 31. a4 Bc6 32. Kf2 Kf7 33. h3 Ke6 34. g4 fxg4 35. hxg4 h5 36. g5 Be7 37. Ke2 b5 38. axb5 axb5 39. Kd3 c4+ 40. Kd4 h4 41. e4 Bd8 42. Rf1 Bb6+ 43. Kc3 Bxe4 44. Kb4 Bc6 45. f5+ gxf5 46. g6 Kf6 47. g7 Kxg7 48. Rxf5 h3 49. Rh5 Bg2 50. Kxb5 c3 51. Kxb6 c2 52. Rc5 h2 53. Rg5+ Kf6 54. Rxg2 c1=Q 55. Rxh2 1-0


[Site "https://www.chess.com"]